 Dungeon Crawl Stone Soup version 0.25-a0-41-g6cf4ce537d (webtiles) character file.

Game seed: 1707011169316664093, levelgen mode: deterministic

18 Alarkh the Skirmisher (level 2, 24/24 HPs)
             Began as a Demonspawn Fighter on Oct 21, 2019.
             Got out of the dungeon alive.
             The game lasted 00:00:45 (587 turns).

Alarkh the Skirmisher (Demonspawn Fighter)           Turns: 587, Time: 00:00:46

Health: 24/24      AC:  6    Str: 16    XL:     2   Next: 51%
Magic:  2/2        EV:  7    Int:  9    God:
Gold:   18         SH:  8    Dex: 12    Spells: 1/1 levels left

rFire    . . .     SeeInvis .   a - +0 long sword
rCold    . . .     Gourm    .   c - +0 shield
rNeg     . . .     Faith    .   b - +0 scale mail
rPois    .         Spirit   .   (no helmet)
rElec    .         Reflect  .   (no cloak)
rCorr    .         Harm     .   (no gloves)
MR       .....                  (no boots)
Stlth    ..........             (no amulet)
HPRegen  0.08/turn              (no ring)
MPRegen  0.08/turn              (no ring)

@: no status effects
A: sturdy frame 1
a: no special abilities


You escaped.
You were not hungry.

You visited 1 branch of the dungeon, and saw 1 of its levels.

You collected 18 gold pieces.

Inventory:

Hand Weapons
 a - a +0 long sword (weapon)
Armour
 b - a +0 scale mail (worn)
 c - a +0 shield (worn)
Jewellery
 i - an uncursed ring of positive energy {unknown}
Scrolls
 e - a scroll of teleportation {unknown}
 j - a scroll of identify {unknown}
 k - a scroll of immolation {unknown}
 n - a scroll of enchant armour {unknown}
Potions
 d - a potion of might
 g - a potion of ambrosia {unknown}
 h - a potion of curing {unknown}
 m - a potion of heal wounds {unknown}
Comestibles
 f - a ration
 l - 6 chunks of flesh


   Skills:
 - Level 3.0 Fighting
 + Level 2.9 Long Blades
 - Level 2.6 Armour
 - Level 2.6 Shields


You had one spell level left.
You didn't know any spells.
Your spell library was empty.

Dungeon Overview and Level Annotations

Branches:
Dungeon (1/15)

Altars:


Innate Abilities, Weirdness & Mutations

Your movements are slightly less encumbered by armour. (ER -2)


Message History

The kobold barely misses you.
A kobold is nearby!
You slash the kobold!
You kill the kobold!
A bat comes into view.
Found a pair of gloves.
The bat hits you but does no damage.
A bat is nearby!
You barely miss the bat. The bat barely misses you.
A bat is nearby!
You block the bat's attack.
Found a ration.
A bat is nearby!
The bat closely misses you.
You hit the bat.
You kill the bat!
No target in view!
There is a staircase leading out of the dungeon here.
Are you sure you want to leave the Dungeon?
This will make you lose the game!
You have escaped!

#...##..#####..
#....)......#..
#####'#######..
###..)### #..
###.......####..
##...........##..
##.....#+#.....#.#
#....### ###.....#
#@.### ###...#
#.## ##... ###
####
#############..
...............
.#.#...........
#######.....
#...## #...#


There were no monsters in sight!

Vanquished Creatures
  A dart slug (D:1)
  A leopard gecko (D:1)
  2 bats (D:1)
  A giant cockroach (D:1)
  2 goblins (D:1)
  2 hobgoblins (D:1)
  3 kobolds (D:1)
  2 rats (D:1)
14 creatures vanquished.

Notes
Turn   | Place    | Note
-------+----------+-------------------------------------------
     0 | D:1      | Alarkh the Demonspawn Fighter began the quest for the Orb.
     0 | D:1      | Reached XP level 1. HP: 18/18 MP: 1/1
   440 | D:1      | Gained mutation: Your movements are slightly less
                  | encumbered by armour. (ER -2) [demonic ancestry]
   440 | D:1      | Reached XP level 2. HP: 17/24 MP: 2/2
   587 | D:$      | Got out of the dungeon alive.

Levels and vault maps discovered:
D:1:      evilmike_arrival_crescent, layout_loops_cross

Skill      XL: |  1 |
---------------+----+-----
Long Blades    | 2 |  2.9
Fighting       | |  3.0
Armour         | |  2.6
Shields        | |  2.6

Action                   || total
-------------------------++-------
Melee: Long sword        ||    69
Armor: Scale mail        ||    24
Dodge: Dodged            ||    20
Block: Shield            ||    30
       Rpst.: Long sword ||     9

Table legend:
 A = Non-vault XP
 B = Vault XP
 C = Vault XP percentage of total XP
 D = Non-vault monster count
 E = Vault monster count
 F = Vault count percentage of total count
                 A         B        C        D         E       F
            +---------+---------+-------+---------+---------+-------
      Total |      27 |       0 |   0.0 |      14 |       0 |   0.0
            +---------+---------+-------+---------+---------+-------
        D:1 |      27 |       0 |   0.0 |      14 |       0 |   0.0
            +---------+---------+-------+---------+---------+-------
